 Dungeon Crawl Stone Soup version 0.27-a0-385-g3208aba (webtiles) character file.

Game seed: 16680249573243609034

9 MrTaco21 the Shield-Bearer (level 2, -2/19 HPs)
             Began as a Gargoyle Fighter on Feb 18, 2021.
             Slain by a gnoll
             ... wielding a +0 spear
              (3 damage)
             ... on level 1 of the Dungeon.
             The game lasted 00:00:29 (268 turns).

MrTaco21 the Shield-Bearer (Gargoyle Fighter)        Turns: 268, Time: 00:00:29

Health: -2/19      AC:  9    Str: 19    XL:     2   Next: 16%
Magic:  2/2        EV:  7    Int:  8    God:
Gold:   11         SH:  9    Dex:  9    Spells: 1/1 levels left

rFire    . . .     SeeInvis .   a - +0 flail
rCold    . . .     Faith    .   c - +0 kite shield
rNeg     + . .     Spirit   .   b - +0 scale mail
rPois    ∞         Reflect  .   (no helmet)
rElec    +         Harm     .   (no cloak)
rCorr    .         Rampage  .   (no gloves)
Will     .....                  (no boots)
Stlth    ..........             (no amulet)
HPRegen  0.06/turn              (no ring)
MPRegen  0.08/turn              (no ring)

@: no status effects
A: negative energy resistance 1, electricity resistance, unbreathing,
petrification resistance, miasma immunity, AC +2
a: no special abilities


You were on level 1 of the Dungeon.
You visited 1 branch of the dungeon, and saw 1 of its levels.

You collected 11 gold pieces.

Inventory:

Hand Weapons
 a - a +0 flail (weapon)
Armour
 b - a +0 scale mail (worn)
 c - a +0 kite shield (worn)
Scrolls
 e - 2 scrolls of identify {unknown}
 f - a scroll of magic mapping {unknown}
Potions
 d - a potion of might


   Skills:
 - Level 3.2 Fighting
 + Level 2.8 Maces & Flails
 - Level 3.2 Armour
 - Level 3.2 Shields


You had one spell level left.
You didn't know any spells.
Your spell library was empty.

Dungeon Overview and Level Annotations

Branches:
Dungeon (1/15)

Altars:


Innate Abilities, Weirdness & Mutations

You are resistant to torment.
Your stone body is resilient. (AC +2)
You are immune to poison.
You resist negative energy. (rN+)
You are resistant to electric shocks. (rElec)
You can survive without breathing.
You are immune to petrification.
You are immune to miasma.


Message History

Found 4 large rocks.
A ball python and a gnoll come into view.
The gnoll shouts!
A bat comes into view.
The gnoll hits you from afar with a +0 spear.
There is an open door here.
The gnoll hits you but does no damage.
You hit the gnoll but do no damage. You block the bat's attack.
The ball python bites you but does no damage.
The ball python grabs you. The ball python constricts you.
The gnoll hits you with a +0 spear. You block the bat's attack.
The ball python bites you but does no damage.
The ball python constricts you.
You hit the ball python. The bat hits you but does no damage.
The bat completely misses you. You block the bat's attack.
You block the ball python's attack.
* * * LOW HITPOINT WARNING * * *
The ball python constricts you. The gnoll hits you but does no damage.
The ball python bites you but does no damage.
The ball python constricts you. The gnoll hits you but does no damage.
The bat hits you but does no damage.
You closely miss the ball python. The bat barely misses you.
The ball python bites you but does no damage.
* * * LOW HITPOINT WARNING * * *
The ball python constricts you. You block the gnoll's attack.
You block the bat's attack.
The ball python bites you but does no damage.
The ball python constricts you.
Unknown command.
You closely miss the ball python. The bat hits you but does no damage.
The gnoll hits you but does no damage.
The ball python bites you but does no damage.
The ball python constricts you. The gnoll completely misses you.
You block the bat's attack. The ball python bites you.
* * * LOW HITPOINT WARNING * * *
The ball python constricts you.
You sock the ball python!
You kill the ball python!
The bat closely misses you.
The gnoll hits you but does no damage. x2
You hit the gnoll. You block the bat's attack.
The gnoll hits you but does no damage.
Unknown command.
Unknown command.
You barely miss the gnoll. The bat hits you but does no damage.
You block the gnoll's attack. You block the bat's attack.
You barely miss the gnoll. The bat hits you but does no damage.
The gnoll hits you with a +0 spear!
* * * LOW HITPOINT WARNING * * *
You block the bat's attack. The gnoll hits you with a +0 spear.
You die...

. #.#..# #)#
........#.. #.##.#
#.##..............#.#
#.##.#
#.##..............#.#
#.##.##
#†##..............#.#
#.##..#
#.##..............#..
#.###.###.##...(....
###
#......†..##........
#
#..###.#..##g†......
... # #.
#.#..##@....... ...#
# ..#...'.b...... ..#
.#.##.##........ ..#
#......#######+## #
#.# # ##.#.# #.#.#
#.#+# #.#.### .
#...... .. ###'### ..
#.....


You could see a gnoll and a bat.

Vanquished Creatures
  A leopard gecko (D:1)
  A ball python (D:1)
  3 giant cockroaches (D:1)
  A hobgoblin (D:1)
  A frilled lizard (D:1)
7 creatures vanquished.

Notes
Turn   | Place    | Note
-------+----------+-------------------------------------------
     0 | D:1      | MrTaco21 the Gargoyle Fighter began the quest for the Orb.
     0 | D:1      | Reached XP level 1. HP: 14/14 MP: 1/1
   245 | D:1      | Reached XP level 2. HP: 19/19 MP: 2/2
   268 | D:1      | Slain by a gnoll

Illustrated notes

Levels and vault maps discovered:
D:1:      dpeg_arrival_orchard, layout_basic, minmay_tetromino_t2

Action                   || total
-------------------------++-------
Melee: Flail             ||    35
Armor: Scale mail        ||    26
Dodge: Dodged            ||    14
Block: Kite shield       ||    28

Table legend: (Time is in decaauts)
 A = Elapsed time spent in this place.
 B = Non-inter-level travel time spent in this place.
 C = Inter-level travel time spent in this place.
 D = Time resting spent in this place.
 E = Time spent auto-exploring this place.
 F = Levels seen in this place.
 G = Mean time per level.
                   A        B        C        D        E       F      G
               +--------+--------+--------+--------+--------+-----+--------+
         Total |    284 |    284 |      0 |      0 |    211 |   1 |  284.0 |
       Dungeon |    284 |    284 |      0 |      0 |    211 |   1 |  284.0 |
               +--------+--------+--------+--------+--------+-----+--------+

Top non-repeatable levels by time:
     D:1: 284 daAuts
